 Dungeon Crawl Stone Soup version 0.26-a0-1107-g6118521029 (webtiles) character file.

Game seed: 7361906590022218486

50 Dracia the Slasher (level 3, -1/29 HPs)
             Began as a Demonspawn Chaos Knight on Dec 16, 2020.
             Was a Plaything of Xom.
             Slain by a gnoll
             ... wielding a cursed -2 spear
              (2 damage)
             ... while petrified by you
             ... on level 2 of the Dungeon.
             The game lasted 00:01:39 (970 turns).

Dracia the Slasher (Demonspawn Chaos Knight)         Turns: 970, Time: 00:01:40

Health: -1/29      AC:  5    Str: 13    XL:     3   Next: 55%
Magic:  3/3        EV:  2    Int: 13    God:    Xom [*.....]
Gold:   36         SH:  0    Dex: 12    Spells: 2/2 levels left

rFire    + . .     SeeInvis .   a - +0 falchion (chaos)
rCold    + . .     Faith    .   e - +0 tower shield (curse)
rNeg     + + +     Spirit   .   b - +2 leather armour
rPois    ∞         Reflect  .   (no helmet)
rElec    +         Harm     .   (no cloak)
rCorr    +         Rampage  .   (no gloves)
Will     .....                  (no boots)
Stlth    +.........             (no amulet)
HPRegen  0.09/turn              (no ring)
MPRegen  0.08/turn              (no ring)

@: mighty, resistant, petrified, slowed
A: powered by pain 1, spiny 1
a: Renounce Religion


You were on level 2 of the Dungeon.
You worshipped Xom.
You were a special plaything of Xom.
You visited 1 branch of the dungeon, and saw 2 of its levels.

You collected 36 gold pieces.


Innate Abilities, Weirdness & Mutations

You sometimes gain a little power by taking damage.
You are partially covered in sharp spines.


   Skills:
 - Level 3.0 Fighting
 + Level 3.9 Long Blades
 - Level 1.7 Armour
 - Level 0.8 Dodging
 + Level 1.1 Shields


You had 2 spell levels left.
You didn't know any spells.
Your spell library was empty.

Inventory:

Hand Weapons
 a - a +0 falchion of chaos (weapon)
Armour
 b - a +2 leather armour (worn)
 e - a cursed +0 tower shield (worn)
Scrolls
 c - a scroll of fog {unknown}
 d - 2 scrolls of random uselessness {unknown}
 g - a scroll of immolation {unknown}

Dungeon Overview and Level Annotations

Branches:
Dungeon (2/15)

Altars:

. #. ###### ..
..... .# #...####
#.# #...##.. ..#
#...##.#####..#
#...##.#§@§gg.+
#...##.#§####.#
#...##'#'#### #
#...........#
####........#
#........#
#...)....# #
###+#...##.#
#.....#.....##.##


You could see 2 gnolls.


Message History

The goblin suddenly stops moving!
The goblin is engulfed in seething chaos.
The helpless goblin fails to defend itself.
You slash the goblin!
You kill the goblin!
You are engulfed in seething chaos.
You are slowing down.
The frilled lizard is engulfed in seething chaos.
The frilled lizard goes berserk!
The frilled lizard bites you but does no damage.
Your limbs are stiffening.
Press: ? - help, v - describe, . - travel, g - get item
Here: a frilled lizard (seething chaos, berserk)
Items here: a +0 club; a +0 flail.
The floor, spattered with blood.
Your shield prevents you from hitting the frilled lizard.
You are engulfed in seething chaos.
The frilled lizard is engulfed in seething chaos.
The frilled lizard is struck by your spines.
You kill the frilled lizard!
The gnoll hits you but does no damage.
The gnoll hits you from afar with a cursed -2 spear.
* * * LOW HITPOINT WARNING * * *
The gnoll hits you from afar with a cursed -2 spear!
* * * LOW HITPOINT WARNING * * *
You have turned to stone.
You are engulfed in seething chaos.
The gnoll hits you from afar with a cursed -2 spear.
You die...
Xom laughs nastily!

Skill      XL: |  1  2  3 |
---------------+----------+-----
Long Blades    | 3 |  3.9
Shields        | 1 |  1.1
Fighting       | |  3.0
Armour         | |  1.7
Dodging        | |  0.8

Action                   || total
-------------------------++-------
Melee: Falchion          ||    61
  Use: Potion            ||     1
 Stab: Sleeping          ||     1
       Paralysed         ||     2
Armor: Leather armour    ||    23
Dodge: Dodged            ||    23
Block: Tower shield      ||    19
       Rpst.: Falchion   ||    10

Levels and vault maps discovered:
D:1:      evilmike_arrival_fibonacci_small, layout_loops_ring, chequers_jeans,
          corexii_leaking_fountain
D:2:      layout_basic

Notes
Turn   | Place    | Note
-------+----------+-------------------------------------------
     0 | D:1      | Dracia the Demonspawn Chaos Knight began the quest for the
                  | Orb.
     0 | D:1      | Reached XP level 1. HP: 18/18 MP: 1/1
    22 | D:1      | XOM: divination: detect creatures
   131 | D:1      | Reached skill level 3 in Long Blades
   197 | D:1      | Gained mutation: You are partially covered in sharp spines.
                  | [demonic ancestry]
   197 | D:1      | Reached XP level 2. HP: 24/24 MP: 2/2
   676 | D:2      | Gained mutation: You sometimes gain a little power by
                  | taking damage. [demonic ancestry]
   676 | D:2      | Reached XP level 3. HP: 18/29 MP: 3/3
   964 | D:2      | Identified a potion of resistance
   964 | D:2      | XOM: chaos cloud
   966 | D:2      | Reached skill level 1 in Shields
   969 | D:2      | HP: 1/29 [gnoll/cursed -2 spear (4)]
   970 | D:2      | Slain by a gnoll

Vanquished Creatures
  A gnoll (D:2)
  An adder (D:2)
  An ooze (D:1)
  A dart slug (D:1)
  A leopard gecko (D:1)
  4 bats (D:1)
  2 giant cockroaches (D:1)
  4 goblins
  3 hobgoblins
  2 frilled lizards
  A kobold (D:1)
  3 rats (D:1)
24 creatures vanquished.

Table legend: (Time is in decaauts)
 A = Elapsed time spent in this place.
 B = Non-inter-level travel time spent in this place.
 C = Inter-level travel time spent in this place.
 D = Time resting spent in this place.
 E = Time spent auto-exploring this place.
 F = Levels seen in this place.
 G = Mean time per level.
                   A        B        C        D        E       F      G
               +--------+--------+--------+--------+--------+-----+--------+
         Total |    986 |    980 |      6 |    228 |    602 |   2 |  493.0 |
       Dungeon |    986 |    980 |      6 |    228 |    602 |   2 |  493.0 |
               +--------+--------+--------+--------+--------+-----+--------+

Top non-repeatable levels by time:
     D:1: 661 daAuts
     D:2: 324 daAuts

Table legend:
 A = Non-vault XP
 B = Vault XP
 C = Vault XP percentage of total XP
 D = Non-vault monster count
 E = Vault monster count
 F = Vault count percentage of total count
                 A         B        C        D         E       F
            +---------+---------+-------+---------+---------+-------
      Total |      72 |       0 |   0.0 |      24 |       0 |   0.0
            +---------+---------+-------+---------+---------+-------
        D:1 |      39 |       0 |   0.0 |      19 |       0 |   0.0
        D:2 |      33 |       0 |   0.0 |       5 |       0 |   0.0
            +---------+---------+-------+---------+---------+-------
